 Dungeon Crawl Stone Soup version 0.28.0 (webtiles) character file.

Game seed: 2112628833026433095

2103 Hasart the Insei (level 9, -2/69 HPs)
             Began as an Octopode Transmuter on Feb 16, 2022.
             Was an Initiate of Gozag.
             Slain by a hornet (4 damage)
             ... on level 7 of the Dungeon.
             The game lasted 00:12:22 (7749 turns).

Hasart the Insei (Octopode Transmuter)              Turns: 7749, Time: 00:12:24

Health: -2/69      AC:  8    Str: 10    XL:     9   Next: 28%
Magic:  15/15      EV: 15    Int: 25    God:    Gozag
Gold:   264        SH:  0    Dex: 12    Spells: 6/16 levels left

rFire   x . .      SeeInvis .     - Unarmed
rCold   + + +      Faith    .   (shield currently unavailable)
rNeg    . . .      Spirit   .   (helmet currently unavailable)
rPois   +          Reflect  .   m - amulet of magic regeneration
rElec   .          Harm     .   i - +6 ring of intelligence
rCorr   +          Rampage  .   p - +4 ring of evasion
Will    .....                   q - ring of resist corrosion
Stlth   +.........              w - ring of protection from cold
HPRegen 0.21/turn               (no ring)
MPRegen 0.54/turn               (no ring)
                                (no ring)
                                (no ring)

@: lethally poisoned (-2 -> -6), ice-form, attractive
A: freezing attack, boosted hp, almost no armour, amphibious, 8 rings, large,
(camouflage 1), (gelatinous body 1), (nimble swimmer 1), (tentacles)
a: End Transformation, Renounce Religion, Potion Petition, Call Merchant, Bribe
Branch


You were on level 7 of the Dungeon.
You worshipped Gozag.
Gozag was aware of your devotion.
You were a creature of crystalline ice.
You visited 2 branches of the dungeon, and saw 8 of its levels.

You collected 351 gold pieces.
You paid 87 gold pieces to Gozag.

Inventory:

Missiles
 k - 2 throwing nets
Jewellery
 i - a +6 ring of intelligence (left front paw)
 m - an amulet of magic regeneration (around neck)
 p - a +4 ring of evasion (right front paw)
 q - a ring of resist corrosion (on tentacle)
 w - a ring of protection from cold (on tentacle)
Wands
 n - a wand of paralysis (11)
 u - a wand of flame (16)
 v - a wand of iceblast (5)
Scrolls
 b - 2 scrolls of teleportation {unknown}
 d - a scroll of enchant armour {unknown}
 e - 2 scrolls of silence {unknown}
 g - a scroll of amnesia {unknown}
 j - 2 scrolls of identify {unknown}
 o - a scroll of enchant weapon {unknown}
 r - a scroll of fog {unknown}
Potions
 a - 2 potions of attraction
 c - a potion of ambrosia {unknown}
 f - 2 potions of degeneration {unknown}
 h - 3 potions of heal wounds {unknown}
 l - 3 potions of might {unknown}
 s - a potion of resistance {unknown}
 t - a potion of lignification {unknown}
 x - a potion of curing {unknown}
 z - a potion of flight {unknown}
 A - a potion of brilliance {unknown}


   Skills:
 + Level 4.0 Fighting
 + Level 4.4 Dodging
 * Level 6.5 Unarmed Combat
 + Level 4.2 Spellcasting
 + Level 4.4 Transmutations
 * Level 4.7 Ice Magic
 + Level 4.9 Poison Magic


You had 6 spell levels left.
You knew the following spells:

 Your Spells              Type           Power      Damage    Failure   Level
a - Beastly Appendage     Tmut           54%        N/A       1%          1
b - Wereblood             Tmut           27%        N/A       2%          2
c - Spider Form           Tmut/Pois      28%        N/A       3%          3
d - Ice Form              Ice/Tmut       28%        N/A       14%         4

Your spell library contained the following spells:

 Spells                   Type           Power      Damage    Failure   Level
 Ignite Poison            Fire/Tmut/Pois 20%        N/A       8%          3
 Summon Small Mammal      Summ           20%        N/A       9%          1
 Mephitic Cloud           Conj/Pois/Air  13%        N/A       14%         3
 Call Canine Familiar     Summ           5%         N/A       26%         3
 Confusing Touch          Hex            5%         N/A       26%         3
 Summon Guardian Golem    Hex/Summ       5%         N/A       26%         3
 Blade Hands              Tmut           13%        N/A       36%         5
 Yara's Violent Unravell  Hex/Tmut       8%         3d5       69%         5
 Freezing Cloud           Conj/Ice/Air   6%         6-21      78%         5
 Iron Shot                Conj/Erth      2%         9d2       100%        6
 Enfeeble                 Hex            2%         N/A       100%        7
 Animate Armour           Summ/Erth      Unusable   N/A       N/A         4

Dungeon Overview and Level Annotations

Branches:
Dungeon (7/15)             Temple (1/1) D:6

Altars:
Ashenzari
Cheibriados
Dithmenos
Elyvilon
Fedhas
Gozag
Hepliaklqana
Kikubaaqudgha
Makhleb
Nemelex Xobeh
Okawaru
Qazlal
Ru
Sif Muna
Trog
Uskayaw
Vehumet
Wu Jian
Xom
Yredelemnul
Zin
The Shining One

Shops:
D:4 =   D:5 **

Annotations:
D:3 Sigmund


Innate Abilities, Weirdness & Mutations

You are a creature of crystalline ice.
You have a powerful freezing melee attack.
Your maximum health is increased.
Your armour is entirely melded.
You are incapable of wielding weapons or throwing items.
You cannot wear most types of armour.
You are amphibious.
You can wear up to eight rings at the same time.
((Your skin changes colour to match your surroundings (Stealth+).))
((Your rubbery body absorbs attacks. (AC +1, EV +1)))
((You are camouflaged when in or above water. (Stealth+)))
((You have tentacles for arms and can constrict up to eight enemies at once.))


Message History

You hit the hornet but do no damage. The bullfrog misses you.
The hornet misses you.
Unknown command.
You punch the hornet! You freeze the hornet.
The hornet is heavily wounded.
The bullfrog completely misses you. The hornet stings you.
Unknown command.
You punch the hornet! You freeze the hornet.
The hornet is almost dead.
The bullfrog hits you.
The hornet stings you but does no damage.
Unknown command.
You barely miss the hornet.
The hornet is almost dead.
The bullfrog hits you.
The hornet stings you but does no damage.
The hornet stings you!
* * * LOW HITPOINT WARNING * * *
You are poisoned.
You feel yourself slow down.
The bullfrog hits you but does no damage.
You barely miss the hornet.
The hornet is almost dead.
You feel very sick. The hornet stings you.
* * * LOW HITPOINT WARNING * * *
The bullfrog misses you. The hornet stings you!
* * * LOW HITPOINT WARNING * * *
The bullfrog barely misses you.
Okay, then.
You need at least 400 gold to purchase potions right now!
It was a potion of attraction.
You feel attractive to monsters.
You feel yourself speed up.
* * * LOW HITPOINT WARNING * * *
You feel very sick. The bullfrog closely misses you.
The hornet stings you but does no damage.
The hornet stings you.
You die...
Your body crumbles into a pile of gold.

##.. .... ###...
##...##.)..# ..........#
. ..... #..## ### ..
...# #...# .... ... #..#
#...# ..F.. ....
#..###.Yy#.$.≈≈≈
.....####..##..#Fo..≈.?≈
.........).#..##.'..≈.[≈
.......)).....####..≈≈≈.
..#########....###......
...### #......# .....
......### #......# #####
........## ##.###.....
.........# ##..###....


You could see a hornet, a bullfrog and an orc priest.

Vanquished Creatures
  Pikel (D:6)
  Edmund (D:6)
  Menkaure (D:6)
  2 orc warriors
  A sky beast (D:6)
  2 ogres
  A lemure (D:6)
  A bullfrog (D:4)
  A wyvern zombie (D:7)
  A scorpion (D:5)
  A water moccasin skeleton (D:6)
  A howler monkey (D:5)
  A hound (D:6)
  3 bullfrog zombies
  A centaur skeleton (D:6)
  2 gnoll shamans
  5 orc priests
  2 iguanas (D:5)
  4 orc wizards
  A hound skeleton (D:4)
  5 gnolls (D:5)
  3 adders
  A white imp (D:3)
  An ufetubus (D:5)
  An adder skeleton (D:4)
  A worm (D:2)
  A dart slug (D:5)
  21 orcs
  6 bats
  5 endoplasms
  2 giant cockroaches
  6 goblins
  8 hobgoblins
  A quokka (D:1)
  2 ball pythons (D:2)
  7 kobolds
  3 rats
107 creatures vanquished.

Vanquished Creatures (others)
  3 fungi (D:3)
  17 plants
20 creatures vanquished.

Grand Total: 127 creatures vanquished

Notes
Turn   | Place    | Note
-------+----------+-------------------------------------------
     0 | D:1      | Hasart the Octopode Transmuter began the quest for the Orb.
     0 | D:1      | Reached XP level 1. HP: 13/13 MP: 3/3
    32 | D:1      | Reached XP level 2. HP: 4/18 MP: 3/5
  1204 | D:2      | Reached XP level 3. HP: 21/23 MP: 4/6
  1430 | D:2      | Learned a level 2 spell: Wereblood
  1434 | D:2      | Learned a level 3 spell: Spider Form
  2010 | D:3      | Reached skill level 1 in Poison Magic
  2010 | D:3      | Reached XP level 4. HP: 24/29 MP: 3/7
  2397 | D:3      | Found a faded altar of an unknown god.
  2748 | D:3      | Noticed Sigmund
  2819 | D:4      | Found Zes Coty's Jewellery Shop.
  2823 | D:4      | Noticed a bullfrog
  2830 | D:4      | Killed a bullfrog
  2831 | D:4      | Reached skill level 4 in Unarmed Combat
  2831 | D:4      | Reached XP level 5. HP: 26/34 MP: 6/8
  3189 | D:4      | Reached XP level 6. HP: 28/39 MP: 10/10
  3282 | D:4      | Learned a level 4 spell: Ice Form
  3574 | D:5      | Entered Level 5 of the Dungeon
  3673 | D:5      | Found a hazy altar of Hepliaklqana.
  3823 | D:5      | Found Jedaong's General Store.
  3825 | D:5      | Found Xoaxococ's Specific Store.
  3859 | D:5      | Reached skill level 1 in Ice Magic
  3908 | D:5      | Reached XP level 7. HP: 45/45 MP: 11/11
  4894 | D:5      | Reached skill level 5 in Unarmed Combat
  5432 | D:5      | Reached XP level 8. HP: 17/52 MP: 11/13
  5886 | D:6      | Noticed Pikel
  5924 | D:6      | Killed Pikel
  5929 | D:6      | Reached skill level 6 in Unarmed Combat
  6239 | D:6      | Noticed Menkaure
  6247 | D:6      | Killed Menkaure
  6424 | D:6      | Noticed Edmund
  6437 | D:6      | Killed Edmund
  6438 | D:6      | Reached XP level 9. HP: 28/58 MP: 13/15
  6880 | D:6      | Identified the +1 ring mail "Jacaleun" {+Inv Str+3}
  6883 | D:6      | Found a staircase to the Ecumenical Temple.
  6895 | Temple   | Entered the Ecumenical Temple
  6937 | Temple   | Became a worshipper of Gozag Ym Sagoz the Greedy
  7692 | D:7      | Noticed a hornet
  7749 | D:7      | HP: 2/69 [poisoned by a hornet]
  7749 | D:7      | Slain by a hornet

Illustrated notes

Levels and vault maps discovered:
D:1:      amcnicky_arrival_blooded_trapdoor, layout_rooms
D:2:      layout_rooms
D:3:      layout_basic, dreamdust_ecumenical_altar_hidden_monk_grotto,
          grunt_ministairs_15, minmay_misc_feat_five, uniq_sigmund
D:4:      layout_rooms, serial_shops, nicolae_shop_waterfront, kennysheep_path_1
D:5:      layout_gridville, nicolae_hepliaklqana_hazy_memory, st_stairs_6,
          nicolae_specific_store, minmay_misc_feat_tiny, grunt_ministairs_14,
          chequers_arboretum
D:6:      layout_rooms, temple_hall, uniq_menkaure, uniq_pikel, uniq_edmund
D:7:      layout_layer_cave, dk_vineyard_3, kennysheep_generic_room_7,
          uniq_joseph
Temple:   nicolae_temple_the_god_donut

Skill      XL: |  1  2  3  4  5  6  7  8  9 |
---------------+----------------------------+-----
Poison Magic   | 1 2 3 4 |  4.9
Fighting       | 2 3 4 |  4.0
Unarmed Combat | 4 5 6 |  6.5
Transmutations | 3 4 |  4.4
Ice Magic      | 1 2 4 |  4.7
Dodging        | 3 4 |  4.4
Spellcasting   | 3 4 |  4.2

Action                   |  1- 3 |  4- 6 |  7- 9 || total
-------------------------+-------+-------+-------++-------
Melee: Unarmed           |    71 |    73 |   176 ||   320
       Tentacles         |    17 |     7 |    13 ||    37
       Constrict         |    15 |    13 |     9 ||    37
       Kick              |     9 |     2 |       ||    11
       Punch             |     1 |     3 |     3 ||     7
 Cast: Beastly Appendage |     4 |     2 |       ||     6
       Spider Form       |     1 |     4 |    12 ||    17
       Wereblood         |       |       |     5 ||     5
       Ice Form          |       |       |     8 ||     8
  Use: Potion            |       |       |     1 ||     1
 Stab: Sleeping          |     3 |     3 |     1 ||     7
       Distracted        |       |       |     1 ||     1
Armor: Skin              |     4 |     3 |     9 ||    16
Dodge: Dodged            |    54 |    54 |   143 ||   251
